| TOP OF THE 1ST |
|
West Palm Beach Expos batting - Pitching for Cocoa Flyers : RHP Jose Ortiz
|
|
Pitching: RHP Jose Ortiz
|
|
|
Batting: RHB Melvin Freeman
|
0-0: Ball 1-0: Swinging Strike 1-1: Ground out 3-1 (Groundball, 34, EV 87.5 MPH)
|
|
Batting: LHB Keith Hughes
|
0-0: Ball 1-0: Ball 2-0: Ball 3-0: Called Strike 3-1: Swinging Strike 3-2: Ground out U3 (Groundball, 3, EV 110.6 MPH)
|
|
Batting: SHB Terry Pendleton
|
0-0: Swinging Strike 0-1: Fly out, F8 (Line Drive, 8LM, EV 98.1 MPH)
|
| Top of the 1st over - 0 runs, 0 hits, 0 errors, 0 left on base; West Palm Beach 0 - Cocoa 0 |
| BOTTOM OF THE 1ST |
|
Cocoa Flyers batting - Pitching for West Palm Beach Expos : LHP Salvador Villalovoz
|
|
Pitching: LHP Salvador Villalovoz
|
|
|
Batting: RHB Danny Arroyo
|
0-0: Foul Ball, location: 2F 0-1: Ball 1-1: Ball 2-1: Ball 3-1: Base on Balls
|
|
Batting: RHB Lorenzo Quintanilla
|
0-0: Ground out U3 (Groundball, 34S, EV 75.6 MPH) Danny Arroyo to second
|
|
Batting: LHB Mike Jones
|
0-0: Foul Ball, location: 2F 0-1: Ball Wild Pitch! Danny Arroyo to third 1-1: Foul Ball, location: 2F 1-2: Ball 2-2: Fly out, F7 (Line Drive, 7D, EV 95.0 MPH) Runner from 3rd tags up, SCORES, throw by LF
|
|
Batting: RHB Larry McNutt
|
0-0: Ground out 6-3 (Groundball, 6, EV 111.9 MPH)
|
| Bottom of the 1st over - 1 run, 0 hits, 0 errors, 0 left on base; West Palm Beach 0 - Cocoa 1 |
| TOP OF THE 2ND |
|
West Palm Beach Expos batting - Pitching for Cocoa Flyers : RHP Jose Ortiz
|
|
Batting: SHB Mark Pirruccello
|
0-0: Called Strike 0-1: Called Strike 0-2: Ball 1-2: Ball 2-2: Ball 3-2: Foul Ball, location: 2F 3-2: Base on Balls
|
|
Batting: RHB Don Berti
|
0-0: Called Strike 0-1: Swinging Strike 0-2: Ball 1-2: Foul Ball, location: 2F 1-2: Ball 2-2: Strikes out looking
|
|
Batting: LHB Jesus Alfes
|
0-0: Fly out, F8 (Flyball, 78M, EV 92.5 MPH)
|
|
Batting: RHB Roland Oruna
|
0-0: Ball 1-0: Foul Ball, location: 2F 1-1: Ball 2-1: Fly out, F8 (Flyball, 8RS, EV 89.4 MPH)
|
| Top of the 2nd over - 0 runs, 0 hits, 0 errors, 1 left on base; West Palm Beach 0 - Cocoa 1 |
| BOTTOM OF THE 2ND |
|
Cocoa Flyers batting - Pitching for West Palm Beach Expos : LHP Salvador Villalovoz
|
|
Batting: LHB Gary Robertson
|
0-0: Foul Ball, location: 2F 0-1: Ball 1-1: Called Strike 1-2: Ball 2-2: Foul Ball, location: 2F 2-2: Foul Ball, location: 2F 2-2: Ball 3-2: Fly out, F8 (Line Drive, 8RM, EV 87.5 MPH)
|
|
Batting: RHB Miguel Dominguez
|
0-0: Ball 1-0: Foul Ball, location: 2F 1-1: Ball 2-1: Ball 3-1: Foul Ball, location: 2F 3-2: Ground out 4-3 (Groundball, 4, EV 97.5 MPH)
|
|
Batting: RHB Jorge Diaz
|
0-0: Called Strike 0-1: Ball 1-1: Ball 2-1: Called Strike 2-2: Ground out 5-3 (Groundball, 56, EV 89.4 MPH)
|
| Bottom of the 2nd over - 0 runs, 0 hits, 0 errors, 0 left on base; West Palm Beach 0 - Cocoa 1 |
| TOP OF THE 3RD |
|
West Palm Beach Expos batting - Pitching for Cocoa Flyers : RHP Jose Ortiz
|
|
Batting: RHB Matthew Gundelfinger
|
0-0: Ball 1-0: Called Strike 1-1: Called Strike 1-2: Strikes out swinging
|
|
Batting: RHB Humberto Cardenas
|
0-0: Swinging Strike 0-1: Fly out, F8 (Flyball, 8RXD, EV 100.6 MPH)
|
|
Batting: RHB Melvin Freeman
|
0-0: Called Strike 0-1: Foul Ball, location: 2F 0-2: Ball 1-2: Ball 2-2: DOUBLE (Groundball, 5L, EV 96.3 MPH)
|
|
Batting: LHB Keith Hughes
|
0-0: Ball 1-0: Foul Ball, location: 2F 1-1: Foul Ball, location: 2F 1-2: Fly out, F8 (Line Drive, 8LM, EV 98.1 MPH)
|
| Top of the 3rd over - 0 runs, 1 hit, 0 errors, 1 left on base; West Palm Beach 0 - Cocoa 1 |
| BOTTOM OF THE 3RD |
|
Cocoa Flyers batting - Pitching for West Palm Beach Expos : LHP Salvador Villalovoz
|
|
Batting: RHB Carlos Tirado
|
0-0: Fly out, F6 (Flyball, 56D, EV 88.1 MPH)
|
|
Batting: RHB Rhett Whisman
|
0-0: Swinging Strike 0-1: Swinging Strike 0-2: Ball 1-2: Ball 2-2: Strikes out swinging
|
|
Batting: RHB Danny Arroyo
|
0-0: Ball 1-0: Ball 2-0: Fly out, F9 (Flyball, 9, EV 91.9 MPH)
|
| Bottom of the 3rd over - 0 runs, 0 hits, 0 errors, 0 left on base; West Palm Beach 0 - Cocoa 1 |
| TOP OF THE 4TH |
|
West Palm Beach Expos batting - Pitching for Cocoa Flyers : RHP Jose Ortiz
|
|
Batting: SHB Terry Pendleton
|
0-0: Called Strike 0-1: Ball 1-1: Swinging Strike 1-2: Fly out, F8 (Flyball, 8LXD, EV 95.0 MPH)
|
|
Batting: SHB Mark Pirruccello
|
0-0: Ball 1-0: Called Strike 1-1: Foul Ball, location: 2F 1-2: Ground out 6-3 (Groundball, 6S, EV 68.1 MPH)
|
|
Batting: RHB Don Berti
|
0-0: Called Strike 0-1: Fly out, F8 (Flyball, 8RD, EV 99.4 MPH)
|
| Top of the 4th over - 0 runs, 0 hits, 0 errors, 0 left on base; West Palm Beach 0 - Cocoa 1 |
| BOTTOM OF THE 4TH |
|
Cocoa Flyers batting - Pitching for West Palm Beach Expos : LHP Salvador Villalovoz
|
|
Batting: RHB Lorenzo Quintanilla
|
0-0: Ball 1-0: Called Strike 1-1: Foul Ball, location: 2F 1-2: Fly out, F4 (Popup, 3S, EV 80.6 MPH)
|
|
Batting: LHB Mike Jones
|
0-0: Called Strike 0-1: Ball 1-1: Swinging Strike 1-2: Ball 2-2: Ball 3-2: DOUBLE (Line Drive, 7LS, EV 103.8 MPH)
|
|
Batting: RHB Larry McNutt
|
0-0: Ball 1-0: Swinging Strike 1-1: Ball 2-1: Foul Ball, location: 2F 2-2: Strikes out swinging
|
|
Batting: LHB Gary Robertson
|
0-0: Ball 1-0: Called Strike 1-1: Ball 2-1: Foul Ball, location: 2F 2-2: Foul Ball, location: 2F 2-2: Strikes out swinging
|
| Bottom of the 4th over - 0 runs, 1 hit, 0 errors, 1 left on base; West Palm Beach 0 - Cocoa 1 |
| TOP OF THE 5TH |
|
West Palm Beach Expos batting - Pitching for Cocoa Flyers : RHP Jose Ortiz
|
|
Batting: LHB Jesus Alfes
|
0-0: Called Strike 0-1: Ball 1-1: Ground out 2-3 (Groundball, 2L, EV 60.6 MPH)
|
|
Batting: RHB Roland Oruna
|
0-0: Ball 1-0: Foul Ball, location: 2F 1-1: Called Strike 1-2: Strikes out swinging
|
|
Batting: RHB Matthew Gundelfinger
|
0-0: Ball 1-0: Ball 2-0: Called Strike 2-1: Foul Ball, location: 2F 2-2: Foul Ball, location: 2F 2-2: Strikes out swinging
|
| Top of the 5th over - 0 runs, 0 hits, 0 errors, 0 left on base; West Palm Beach 0 - Cocoa 1 |
| BOTTOM OF THE 5TH |
|
Cocoa Flyers batting - Pitching for West Palm Beach Expos : LHP Salvador Villalovoz
|
|
Batting: RHB Miguel Dominguez
|
0-0: Ground out U3 (Groundball, 34, EV 101.3 MPH)
|
|
Batting: RHB Jorge Diaz
|
0-0: Ball 1-0: Called Strike 1-1: Ball 2-1: Ball 3-1: Called Strike 3-2: Foul Ball, location: 2F 3-2: Base on Balls
|
|
Batting: RHB Carlos Tirado
|
0-0: Ball 1-0: Fly out, F8 (Flyball, 78D, EV 101.3 MPH)
|
|
Batting: RHB Rhett Whisman
|
Pickoff Throw to First - Error! E1 Jorge Diaz to second 0-0: Ball 1-0: Foul Ball, location: 2F 1-1: Ball 2-1: Swinging Strike 2-2: SINGLE (Groundball, 34D, EV 96.3 MPH) Jorge Diaz to third Runner from 3rd tries for Home, SAFE, throw by RF to home
|
|
Batting: RHB Danny Arroyo
|
0-0: Called Strike 0-1: Foul Ball, location: 2F 0-2: Ball 1-2: Ball 2-2: Ground out 4-3 (Groundball, 34, EV 84.4 MPH)
|
| Bottom of the 5th over - 1 run, 1 hit, 1 error, 1 left on base; West Palm Beach 0 - Cocoa 2 |
| TOP OF THE 6TH |
|
West Palm Beach Expos batting - Pitching for Cocoa Flyers : RHP Jose Ortiz
|
|
Batting: RHB Humberto Cardenas
|
0-0: Called Strike 0-1: Foul Ball, location: 2F 0-2: Strikes out swinging
|
|
Batting: RHB Melvin Freeman
|
0-0: Swinging Strike 0-1: Ball 1-1: Foul Ball, location: 2F 1-2: Ball 2-2: Foul Ball, location: 2F 2-2: Ball 3-2: SINGLE (Line Drive, 34D, EV 95.6 MPH)
|
|
Batting: LHB Keith Hughes
|
0-0: Ball 1-0: Called Strike 1-1: Foul Ball, location: 2F 1-2: Ball 2-2: Strikes out swinging
|
|
Batting: SHB Terry Pendleton
|
0-0: Called Strike 0-1: Swinging Strike 0-2: Ball 1-2: Strikes out swinging
|
| Top of the 6th over - 0 runs, 1 hit, 0 errors, 1 left on base; West Palm Beach 0 - Cocoa 2 |
| BOTTOM OF THE 6TH |
|
Cocoa Flyers batting - Pitching for West Palm Beach Expos : LHP Salvador Villalovoz
|
|
Batting: RHB Lorenzo Quintanilla
|
0-0: Ball 1-0: Foul Ball, location: 2F 1-1: Ball 2-1: Called Strike 2-2: Ball 3-2: Base on Balls
|
|
Batting: LHB Mike Jones
|
0-0: Called Strike 0-1: Swinging Strike 0-2: Ball 1-2: Strikes out looking
|
|
Batting: RHB Larry McNutt
|
0-0: Ball 1-0: Called Strike 1-1: Grounds into double play, 6-4-3 (Groundball, 6, EV 80.0 MPH)
|
| Bottom of the 6th over - 0 runs, 0 hits, 0 errors, 0 left on base; West Palm Beach 0 - Cocoa 2 |
| TOP OF THE 7TH |
|
West Palm Beach Expos batting - Pitching for Cocoa Flyers : RHP Jose Ortiz
|
|
Batting: SHB Mark Pirruccello
|
0-0: Called Strike 0-1: Swinging Strike 0-2: Ball 1-2: Ball 2-2: Fly out, F7 (Flyball, 7, EV 88.1 MPH)
|
|
Batting: RHB Don Berti
|
0-0: Ball 1-0: Ball 2-0: Foul Ball, location: 2F 2-1: Ball 3-1: Fly out, F7 (Line Drive, 7D, EV 86.9 MPH)
|
|
Batting: LHB Jesus Alfes
|
0-0: Ball 1-0: Swinging Strike 1-1: Ground out 5-3 (Groundball, 5, EV 104.4 MPH)
|
| Top of the 7th over - 0 runs, 0 hits, 0 errors, 0 left on base; West Palm Beach 0 - Cocoa 2 |
| BOTTOM OF THE 7TH |
|
Cocoa Flyers batting - Pitching for West Palm Beach Expos : LHP Salvador Villalovoz
|
|
Batting: LHB Gary Robertson
|
0-0: Called Strike 0-1: Ball 1-1: Ball 2-1: Fly out, F8 (Flyball, 8LXD, EV 98.8 MPH)
|
|
Batting: RHB Miguel Dominguez
|
0-0: Foul Ball, location: 2F 0-1: Ball 1-1: SINGLE (Groundball, 6S, EV 74.4 MPH) (infield hit)
|
|
Batting: RHB Jorge Diaz
|
0-0: Ball 1-0: Ball 2-0: Foul Ball, location: 2F 2-1: Called Strike 2-2: Strikes out swinging
|
|
Batting: RHB Carlos Tirado
|
0-0: SINGLE (Groundball, 6MD, EV 103.1 MPH) Miguel Dominguez to second Runner from 2nd tries for 3rd, SAFE, throw by CF made to third
|
|
Batting: RHB Rhett Whisman
|
0-0: Foul Ball, location: 2F 0-1: Ball 1-1: Ball 2-1: Foul Ball, location: 2F 2-2: Fielders Choice at 2nd, 5-4 (Groundball, 56, EV 102.5 MPH)
|
| Bottom of the 7th over - 0 runs, 2 hits, 0 errors, 2 left on base; West Palm Beach 0 - Cocoa 2 |
| TOP OF THE 8TH |
|
West Palm Beach Expos batting - Pitching for Cocoa Flyers : RHP Jose Ortiz
|
|
Batting: RHB Roland Oruna
|
0-0: Called Strike 0-1: Foul Ball, location: 2F 0-2: Ball 1-2: Strikes out looking
|
|
Batting: RHB Matthew Gundelfinger
|
0-0: Ball 1-0: Ball 2-0: Ball 3-0: Called Strike 3-1: Base on Balls
|
|
Batting: RHB Humberto Cardenas
|
0-0: Called Strike 0-1: Fly out, F7 (Line Drive, 7D, EV 97.5 MPH)
|
|
Batting: RHB Melvin Freeman
|
0-0: Ball 1-0: Swinging Strike 1-1: Foul Ball, location: 2F 1-2: Ball 2-2: DOUBLE (Flyball, 78D, EV 98.8 MPH) Matthew Gundelfinger to third
|
|
Batting: LHB Keith Hughes
|
0-0: Foul Ball, location: 2F 0-1: Ball 1-1: Ball 2-1: Called Strike 2-2: Ball 3-2: Strikes out swinging
|
| Top of the 8th over - 0 runs, 1 hit, 0 errors, 2 left on base; West Palm Beach 0 - Cocoa 2 |
| BOTTOM OF THE 8TH |
|
Cocoa Flyers batting - Pitching for West Palm Beach Expos : LHP Salvador Villalovoz
|
|
Batting: RHB Danny Arroyo
|
0-0: Ball 1-0: Ground out U3 (Groundball, 34S, EV 78.1 MPH)
|
|
Batting: RHB Lorenzo Quintanilla
|
0-0: Called Strike 0-1: Fly out, F7 (Flyball, 7LM, EV 89.4 MPH)
|
|
Batting: LHB Mike Jones
|
0-0: Foul Ball, location: 2F 0-1: Ball 1-1: SINGLE (Flyball, 56D, EV 87.5 MPH)
|
|
Batting: RHB Larry McNutt
|
0-0: Ball 1-0: Called Strike 1-1: Foul Ball, location: 2F 1-2: Reached on error, E5 (Groundball, 56S, EV 75.0 MPH) Mike Jones to second
|
|
Batting: LHB Gary Robertson
|
0-0: Ball 1-0: Foul Ball, location: 2F 1-1: Foul Ball, location: 2F 1-2: Foul Ball, location: 2F 1-2: Ball 2-2: Ground out U3 (Groundball, 3, EV 91.9 MPH)
|
| Bottom of the 8th over - 0 runs, 1 hit, 1 error, 2 left on base; West Palm Beach 0 - Cocoa 2 |
| TOP OF THE 9TH |
|
West Palm Beach Expos batting - Pitching for Cocoa Flyers : RHP Jose Ortiz
|
|
Now in RF: Michael Palmer
|
|
|
Batting: SHB Terry Pendleton
|
0-0: Called Strike 0-1: Swinging Strike 0-2: Ball 1-2: Strikes out swinging
|
|
Batting: SHB Mark Pirruccello
|
0-0: Called Strike 0-1: Ball 1-1: Ball 2-1: Ground out U3 (Groundball, 34S, EV 68.8 MPH)
|
|
Batting: RHB Don Berti
|
0-0: Swinging Strike 0-1: Foul Ball, location: 2F 0-2: Ball 1-2: Fly out, F8 (Flyball, 78D, EV 81.9 MPH)
|
| Top of the 9th over - 0 runs, 0 hits, 0 errors, 0 left on base; West Palm Beach 0 - Cocoa 2 |
|